 Dungeon Crawl Stone Soup version 0.29-a0-824-gd827844252 (webtiles) character file.

Game seed: 14097097295281641716

241 kevlar127 the Ruffian (level 5, -1/54 HPs)
             Began as a Troll Berserker on July 10, 2022.
             Was a Believer of Trog.
             Slain by an orc priest
             ... wielding a +0 flail
              (6 damage)
             ... on level 4 of the Dungeon.
             The game lasted 00:03:52 (2590 turns).

kevlar127 the Ruffian (Troll Berserker)             Turns: 2590, Time: 00:03:53

Health: -1/54      AC:  4    Str: 27    XL:     5   Next: 80%
Magic:  4/4        EV: 10    Int:  3    God:    Trog [**....]
Gold:   120        SH:  0    Dex:  9    Spells: 4/4 levels left

rFire   . . .      SeeInvis .     - Unarmed
rCold   . . .      Faith    .   (no shield)
rNeg    . . .      Spirit   .   a - +0 animal skin
rPois   .          Reflect  .   (helmet restricted)
rElec   .          Harm     .   (no cloak)
rCorr   .          Rampage  .   (gloves unavailable)
Will    .....                   (boots unavailable)
Stlth   +.........              o - amulet of regeneration
HPRegen 1.78/turn               (no ring)
MPRegen 0.09/turn               (no ring)

@: confused, on berserk cooldown, slowed, very slow
A: large, unfitting armour, claws 3, regeneration 1, shaggy fur 1, tough skin 1
a: Renounce Religion, Berserk, Trog's Hand


You were on level 4 of the Dungeon.
You worshipped Trog.
Trog was pleased with you.
You visited 1 branch of the dungeon, and saw 4 of its levels.

You collected 120 gold pieces.

Inventory:

Missiles
 g - 42 stones (quivered)
 m - 6 poisoned darts
Armour
 a - a +0 animal skin (worn)
Jewellery
 o - an amulet of regeneration (around neck)
 r - a ring of positive energy
Scrolls
 c - a scroll of fear {unknown}
 d - 2 scrolls of magic mapping {unknown}
 f - 4 scrolls of teleportation {unknown}
 i - 3 scrolls of enchant armour {unknown}
 j - 4 scrolls of identify {unknown}
 n - a scroll of vulnerability {unknown}
 s - a scroll of acquirement {unknown}
 u - a scroll of amnesia {unknown}
 x - a scroll of noise {unknown}
Potions
 b - 5 potions of curing {unknown}
 e - a potion of degeneration {unknown}
 h - 8 potions of haste {unknown}
 k - 3 potions of mutation {unknown}
 l - a potion of lignification {unknown}
 p - a potion of heal wounds {unknown}
 q - a potion of magic {unknown}
 t - a potion of might {unknown}
 v - a potion of attraction {unknown}
 w - a potion of flight {unknown}


   Skills:
 + Level 4.2 Fighting
 - Level 2.4 Dodging
 + Level 5.1 Unarmed Combat


You had 4 spell levels left.
You didn't know any spells.
Your spell library was empty.

Dungeon Overview and Level Annotations

Branches:
Dungeon (4/15)
 Temple: D:4-7

Altars:
Sif Muna
Xom


Innate Abilities, Weirdness & Mutations

You are too large for most types of armour.
You have claws for hands.
Your natural rate of healing is unusually fast.
You are covered in fur. (AC +1)
You have tough skin. (AC +1)


Message History

The orc hits you with a +0 dagger. The orc hits you with a +0 flail.
You barely miss the orc.
The orc is severely wounded.
The orc priest mumbles some strange prayers to Beogh against you.
Beogh smites you! The orc hits you but does no damage.
The orc wizard hits you with a +0 dagger.
The orc hits you with a +0 flail.
You are too injured to fight recklessly!
You are too injured to fight recklessly!
You are too injured to fight recklessly!
You are too injured to fight recklessly!
Unknown command.
A red film seems to cover your vision as you go berserk!
You feel yourself moving faster!
You feel mighty!
The orc wizard gestures at you while chanting.
You are confused.
The orc priest calls upon Beogh to heal the orc.
The orc is healed somewhat.
The orc barely misses you. The orc hits you with a +0 dagger.
You feel a strong urge to attack something.
The orc wizard casts a spell at you. You resist with some effort.
The orc barely misses you.
You feel your anger nearly subside.
You are no longer berserk.
You are exhausted.
You feel yourself slow down. The orc closely misses you.
You claw the orc!
You kill the orc!
Trog accepts your kill.
The orc priest invokes the aid of Beogh against you.
Pain shoots through your body!
* * * LOW HITPOINT WARNING * * *
The orc priest barely misses you. The orc barely misses you.
The orc wizard casts a spell at you. The magic dart hits you!
* * * LOW HITPOINT WARNING * * *
The orc hits you with a +0 flail.
* * * LOW HITPOINT WARNING * * *
The orc priest hits you with a +0 flail.
You die...

###.######
!....?...#
#........# #
#........# #.
#........# #.
#........#
#..#........#
#..#@o......#
#...oo......#
##.#........#
#..#.#.######
#...<#.#
##.###.# ...
..# ### ###


You could see an orc priest, an orc wizard and an orc.

Vanquished Creatures
  Jessica (D:2)
  Natasha (D:3)
  4 gnolls (D:3)
  8 adders
  An ufetubus (D:3)
  A worm (D:3)
  A dart slug (D:3)
  2 orcs
  4 endoplasms
  2 giant cockroaches
  6 goblins
  9 hobgoblins
  4 jackals (D:2)
  3 quokkas
  7 ball pythons
  6 bats
  2 frilled lizards
  4 kobolds
  7 rats
73 creatures vanquished.

Vanquished Creatures (others)
  2 plants (D:2)
2 creatures vanquished.

Grand Total: 75 creatures vanquished

Notes
Turn   | Place    | Note
-------+----------+-------------------------------------------
     0 | D:1      | kevlar127 the Troll Berserker began the quest for the Orb.
     0 | D:1      | Reached XP level 1. HP: 22/22 MP: 0/0
   186 | D:1      | Reached XP level 2. HP: 20/29 MP: 1/1
   504 | D:1      | You fall into a shaft and drop 1 floor!
   532 | D:2      | Reached XP level 3. HP: 29/37 MP: 2/2
   586 | D:2      | Reached ** piety under Trog
   602 | D:2      | Noticed Jessica
   612 | D:2      | Reached skill level 4 in Unarmed Combat
   614 | D:2      | Killed Jessica
   615 | D:2      | Reached XP level 4. HP: 29/45 MP: 3/3
  1605 | D:3      | Found a shimmering blue altar of Sif Muna.
  1605 | D:3      | Found a shimmering altar of Xom.
  1648 | D:3      | Reached XP level 5. HP: 54/54 MP: 4/4
  2336 | D:3      | Noticed Natasha
  2339 | D:3      | Killed Natasha
  2340 | D:3      | Reached skill level 5 in Unarmed Combat
  2590 | D:4      | Slain by an orc priest

Illustrated notes

Levels and vault maps discovered:
D:1:      wheals_arrival_linesprint, layout_basic,
          shapermc_ecumenical_altar_mp_highgroup,
          chequers_serial_rivers_micro_d, minmay_misc_feat_plants,
          minmay_hexomino_c4
D:2:      layout_rooms, serial_bayou, serial_bayou_ford_a, serial_bayou_pond_d,
          serial_bayou_pond_a, serial_bayou_pond_a, serial_bayou_lake_a,
          serial_bayou_lagoon_b, minmay_fractal_squares_5, uniq_jessica
D:3:      minmay_razor_zed, layout_basic, nicolae_overflow_two_pavilions,
          serial_bayou_lagoon_a, wad_floor_pattern_1, minmay_pentomino_pile,
          uniq_natasha
D:4:      layout_basic, hex_medium, uniq_crazy_yiuf_cottage

Skill      XL: |  1  2  3  4  5 |
---------------+----------------+-----
Fighting       | 3 4 |  4.2
Unarmed Combat | 4 5 |  5.1
Dodging        | |  2.4

Action                   |  1- 3 |  4- 6 || total
-------------------------+-------+-------++-------
Melee: Unarmed           |    78 |    99 ||   177
       Punch             |       |     1 ||     1
Invok: Berserk           |       |     1 ||     1
 Stab: Sleeping          |       |     1 ||     1
Armor: Animal skin       |    20 |    22 ||    42
Dodge: Dodged            |    42 |    45 ||    87

Table legend: (Time is in decaauts)
 A = Elapsed time spent in this place.
 B = Non-inter-level travel time spent in this place.
 C = Inter-level travel time spent in this place.
 D = Time resting spent in this place.
 E = Time spent auto-exploring this place.
 F = Levels seen in this place.
 G = Mean time per level.
                   A        B        C        D        E       F      G
               +--------+--------+--------+--------+--------+-----+--------+
         Total |   2640 |   2553 |     87 |    407 |   1789 |   4 |  660.0 |
       Dungeon |   2640 |   2553 |     87 |    407 |   1789 |   4 |  660.0 |
               +--------+--------+--------+--------+--------+-----+--------+

Top non-repeatable levels by time:
     D:2: 1120 daAuts
     D:3: 1006 daAuts
     D:1: 501 daAuts
     D:4: 11 daAuts
